 Dungeon Crawl Stone Soup version 0.30.0-18-gc0e69614cb (webtiles) character file.

Game seed: 10391752098978380590

5 tizbic2 the Grasshopper (level 1, -1/22 HPs)
             Began as an Ogre Warper on May 23, 2023.
             Slain by a quokka (4 damage)
             ... on level 1 of the Dungeon.
             The game lasted 00:00:54 (114 turns).

tizbic2 the Grasshopper (Ogre Warper)                Turns: 114, Time: 00:00:55

Health: -1/22      AC:  3    Str: 14    XL:     1   Next: 80%
Magic:  3/3        EV:  9    Int: 14    God:
Gold:   6          SH:  0    Dex:  8    Spells: 4/4 levels left

rFire   . . .        a - +0 mace
rCold   . . .        (no shield)
rNeg    . . .        e - +0 robe
rPois   .            (helmet restricted)
rElec   .            (no cloak)
rCorr   .            (gloves unavailable)
SInv    .            (boots unavailable)
Will    .....        (no amulet)
Stlth   +            (no ring)
HPRegen 0.23/turn    (no ring)
MPRegen 0.08/turn

%: no passive effects
@: brilliant
A: large, unfitting armour, tough skin 1
a: no special abilities


You were on level 1 of the Dungeon.
You visited 1 branch of the dungeon, and saw 1 of its levels.

You collected 6 gold pieces.

Inventory:

Hand Weapons
 a - a +0 mace (weapon)
Missiles
 d - 7 boomerangs of dispersal (quivered)
Armour
 e - a +0 robe (worn)
Scrolls
 c - 2 scrolls of blinking


   Skills:
 + Level 2.8 Fighting
 * Level 1.9 Maces & Flails
 + Level 1.1 Throwing
 + Level 2.1 Dodging
 + Level 2.4 Spellcasting
 * Level 2.8 Translocations


You had 4 spell levels left.
You didn't know any spells.
Your spell library contained the following spells:

 Spells                   Type           Power      Damage    Failure   Level
 Blink                    Tloc           28%        N/A       11%         2
 Lesser Beckoning         Tloc           28%        N/A       11%         2
 Teleport Other           Tloc           14%        N/A       22%         3
 Vhi's Electric Charge    Tloc/Air       16%        N/A       36%         3
 Manifold Assault         Tloc           14%        N/A       56%         4
 Arcjolt                  Conj/Air       1%         1d11      99%         5
 Maxwell's Capacitive Co  Air            1%         ∞         100%        8


Dungeon Overview and Level Annotations

Branches:
Dungeon (1/15)

Altars:


Innate Abilities, Weirdness & Mutations

You are too large for most types of armour.
You have tough skin. (AC +1)


Message History

The quokka closely misses you.
You barely miss the quokka.
The quokka is moderately wounded.
The frilled lizard bites you but does no damage.
The quokka barely misses you.
The frilled lizard bites you but does no damage.
You closely miss the frilled lizard.
The quokka bites you but does no damage.
The frilled lizard closely misses you. The quokka bites you.
You miss the frilled lizard. The frilled lizard misses you.
The quokka bites you but does no damage.
You sock the frilled lizard!
You kill the frilled lizard!
The quokka misses you. The quokka bites you.
You miss the quokka.
The quokka is moderately wounded.
The quokka bites you but does no damage.
You hit the quokka but do no damage.
The quokka is moderately wounded.
The quokka bites you but does no damage.
The quokka barely misses you.
You closely miss the quokka.
The quokka is moderately wounded.
The quokka bites you. The quokka closely misses you.
You barely miss the quokka.
The quokka is moderately wounded.
The quokka bites you.
You hit the quokka.
The quokka is severely wounded.
The quokka bites you.
* * * LOW HITPOINT WARNING * * *
The quokka bites you.
* * * LOW HITPOINT WARNING * * *
It was a potion of brilliance.
You feel clever all of a sudden. The quokka barely misses you.
You closely miss the quokka.
The quokka is heavily wounded.
The quokka bites you.
You die...

... ####. #.#
..... .># ####.
#.# #.# #.#
######.########.
#.......@r...(..
#.####.########. #
#.# .....
#########.##.#.###
.##....##.##....
..#....##.#. ...
#.#....##.#....##
#.'.......# ....
###.)..#..#


You could see a quokka.

Vanquished Creatures
  A ball python (D:1)
  An endoplasm (D:1)
  A giant cockroach (D:1)
  A frilled lizard (D:1)
  A kobold (D:1)
5 creatures vanquished.

Notes
Turn   | Place    | Note
-------+----------+-------------------------------------------
     0 | D:1      | tizbic2 the Ogre Warper began the quest for the Orb.
     0 | D:1      | Reached XP level 1. HP: 22/22 MP: 3/3
   114 | D:1      | Slain by a quokka

Illustrated notes

Levels and vault maps discovered:
D:1:      amcnicky_arrival_blooded_trapdoor, layout_basic,
          shapermc_ecumenical_altar_mp_ritualfount

Action                     || total
---------------------------++-------
  Melee: Mace              ||    23
    Use: Potion            ||     1
 Armour: Robe              ||    14
  Dodge: Dodged            ||    18
